 Dungeon Sprint DCSS version 0.30-a0-830-gfe289a77b0 (webtiles) character file.

Game seed: 17974170577863046993

1637 retardedninja the Blocker (level 8, -18/108 HPs)
             Began as a Gnoll Fighter on Feb 28, 2023.
             Was a Believer of Trog.
             Hit by a large rock thrown by a cyclops (42 damage)
             ... in the Dungeon (Sprint IX: "|||||||||||||||||||||||||||||").
             The game lasted 00:01:55 (488 turns).

retardedninja the Blocker (Gnoll Fighter)            Turns: 488, Time: 00:01:55

Health: -18/108    AC: 12    Str: 20    XL:     8   Next: 98%
Magic:  18/19      EV: 12    Int: 12    God:    Trog [**....]
Gold:   0          SH:  0    Dex: 11    Spells: 21/21 levels left

rFire   . . .      SeeInvis .    l - +2 morningstar (heavy)
rCold   . . .      Faith    .    (no shield)
rNeg    . . .      Spirit   .    o - +1 scale mail
rPois   .          Reflect  .    (no helmet)
rElec   .          Harm     .    a - +0 cloak
rCorr   .          Rampage  .    c - +0 pair of gloves
Will    ++...      NoTele   +    (no boots) Stlth
                                 (no amulet)
HPRegen 1.38/turn                m - +3 ring of intelligence
MPRegen 0.16/turn                n - +3 ring of strength

@: mighty, berserking, strong-willed, regenerating, very quick
A: fangs 1, strong nose, distributed training
a: Renounce Religion, Berserk, Trog's Hand


You were in the Dungeon.
You worshipped Trog.
Trog was pleased with you.
You visited 1 branch

Inventory:

Hand Weapons
 l - a +2 heavy morningstar (weapon)
Armour
 a - a +0 cloak (worn)
 c - a +0 pair of gloves (worn)
 o - a +1 scale mail (worn)
Jewellery
 m - a +3 ring of intelligence (left hand)
 n - a +3 ring of strength (right hand)
Wands
 k - a wand of iceblast (9)
Scrolls
 j - 2 scrolls of blinking
Potions
 e - 5 potions of curing
 f - a potion of heal wounds
 h - 4 potions of magic


   Skills:
 + Level 9.9 Fighting
 + Level 7.3 Short Blades
 + Level 7.3 Long Blades
 + Level 7.3 Axes
 + Level 8.7 Maces & Flails
 + Level 7.3 Polearms
 + Level 7.3 Staves
 + Level 7.3 Ranged Weapons
 + Level 7.3 Throwing
 + Level 9.9 Armour
 + Level 7.3 Dodging
 + Level 7.3 Stealth
 + Level 9.9 Shields
 + Level 7.3 Unarmed Combat
 + Level 7.3 Spellcasting
 + Level 6.1 Conjurations
 + Level 6.1 Hexes
 + Level 6.1 Summonings
 + Level 6.1 Necromancy
 + Level 6.1 Translocations
 + Level 6.1 Transmutations
 + Level 6.1 Fire Magic
 + Level 6.1 Ice Magic
 + Level 6.1 Air Magic
 + Level 6.1 Earth Magic
 + Level 6.1 Poison Magic
 + Level 8.0 Invocations
 + Level 7.3 Evocations


You had 21 spell levels left.
You didn't know any spells.
Your spell library was empty.

Dungeon Overview and Level Annotations

Branches:
Dungeon (1/1)

Altars:
Cheibriados
Dithmenos
Elyvilon
Fedhas
Gozag
Hepliaklqana
Kikubaaqudgha
Makhleb
Nemelex Xobeh
Okawaru
Qazlal
Ru
Sif Muna
Trog
Uskayaw
Vehumet
Wu Jian
Xom
Yredelemnul
Zin
The Shining One
Jiyva
Lugonu


Innate Abilities, Weirdness & Mutations

You have very sharp teeth.
Your uncanny sense of smell can sniff out nearby items.
Your experience applies equally to all skills.


Message History

You kill the white ugly thing!
Trog accepts your kill.
You can now call upon Trog for regeneration and willpower.
Your Short Blades skill increases to level 7!
Your Long Blades skill increases to level 7!
Your Axes skill increases to level 7!
Your Polearms skill increases to level 7!
Your Staves skill increases to level 7!
Your Ranged Weapons skill increases to level 7!
Your Throwing skill increases to level 7!
Your Dodging skill increases to level 7!
Your Stealth skill increases to level 7!
Your Unarmed Combat skill increases to level 7!
Your Spellcasting skill increases to level 7!
Your Conjurations skill increases to level 6!
Your Hexes skill increases to level 6!
Your Summonings skill increases to level 6!
Your Necromancy skill increases to level 6!
Your Translocations skill increases to level 6!
Your Transmutations skill increases to level 6!
Your Fire Magic skill increases to level 6!
Your Ice Magic skill increases to level 6!
Your Air Magic skill increases to level 6!
Your Earth Magic skill increases to level 6!
Your Poison Magic skill increases to level 6!
Your Invocations skill increases to level 8!
Your Evocations skill increases to level 7!
Unknown command.
You bludgeon the slime creature!!
The slime creature is heavily wounded.
The boulder beetle leaps!
The slime creature hits you.
* * * LOW HITPOINT WARNING * * *
You bludgeon the slime creature!!
The slime creature is almost dead.
The slime creature barely misses you.
You hit the slime creature. You bite the slime creature.
You kill the slime creature!
Trog accepts your kill.
The cyclops throws a large rock.
The large rock hits you!!!
You die...

▓.▓
▓B▓
▓.▓
▓T▓
▓.▓
∆
▓C▓
∆
▓†▓
∆
▓@▓
∆
▓.▓
▓.▓
∆
▓.▓
▓.▓
∆
▓.▓
∆
▓)▓
∆
▓.▓
∆
▓.▓


You could see a boulder beetle, a cyclops and a troll.

Vanquished Creatures
  A two-headed ogre (D)
  An ugly thing (D)
  A komodo dragon (D)
  A slime creature (D)
  A yak (D)
  A scorpion (D)
  A wight (D)
  A killer bee (D)
  A howler monkey (D)
  A jelly (D)
  A gnoll (D)
  An orc (D)
  An endoplasm (D)
  A giant cockroach (D)
  2 goblins (D)
  A quokka (D)
  A ball python (D)
18 creatures vanquished.

Notes
Turn   | Place    | Note
-------+----------+-------------------------------------------
     0 | D        | retardedninja the Gnoll Fighter began the quest for the
                  | Orb.
     0 | D        | Reached XP level 1. HP: 23/23 MP: 1/1
    12 | D        | Reached skill level 1 in Invocations
    13 | D        | Reached skill level 1 in Short Blades
    13 | D        | Reached skill level 1 in Long Blades
    13 | D        | Reached skill level 1 in Axes
    13 | D        | Reached skill level 1 in Polearms
    13 | D        | Reached skill level 1 in Staves
    13 | D        | Reached skill level 1 in Ranged Weapons
    13 | D        | Reached skill level 1 in Throwing
    13 | D        | Reached skill level 1 in Dodging
    13 | D        | Reached skill level 1 in Stealth
    13 | D        | Reached skill level 1 in Unarmed Combat
    13 | D        | Reached skill level 1 in Spellcasting
    13 | D        | Reached skill level 1 in Evocations
   116 | D        | Noticed a scorpion
   116 | D        | Noticed a jelly
   118 | D        | Killed a jelly
   119 | D        | Reached skill level 5 in Maces & Flails
   119 | D        | Reached skill level 1 in Conjurations
   119 | D        | Reached skill level 1 in Hexes
   119 | D        | Reached skill level 1 in Summonings
   119 | D        | Reached skill level 1 in Necromancy
   119 | D        | Reached skill level 1 in Translocations
   119 | D        | Reached skill level 1 in Transmutations
   119 | D        | Reached skill level 1 in Fire Magic
   119 | D        | Reached skill level 1 in Ice Magic
   119 | D        | Reached skill level 1 in Air Magic
   119 | D        | Reached skill level 1 in Earth Magic
   119 | D        | Reached skill level 1 in Poison Magic
   119 | D        | Reached XP level 2. HP: 29/29 MP: 3/5
   119 | D        | Reached XP level 3. HP: 35/35 MP: 3/6
   127 | D        | Killed a scorpion
   128 | D        | Reached XP level 4. HP: 43/43 MP: 3/8
   159 | D        | Found a snail-covered altar of Cheibriados.
   159 | D        | Found a shadowy altar of Dithmenos.
   159 | D        | Found a white marble altar of Elyvilon.
   159 | D        | Found a blossoming altar of Fedhas.
   159 | D        | Found an opulent altar of Gozag.
   160 | D        | Found a hazy altar of Hepliaklqana.
   161 | D        | Found a viscous altar of Jiyva.
   162 | D        | Found an ancient bone altar of Kikubaaqudgha.
   163 | D        | Found a corrupted altar of Lugonu.
   164 | D        | Found a burning altar of Makhleb.
   165 | D        | Found a sparkling altar of Nemelex Xobeh.
   166 | D        | Found an iron altar of Okawaru.
   167 | D        | Found a stormy altar of Qazlal.
   170 | D        | Found a sacrificial altar of Ru.
   171 | D        | Found a shimmering blue altar of Sif Muna.
   172 | D        | Found a bloodstained altar of Trog.
   173 | D        | Found a hide-covered altar of Uskayaw.
   174 | D        | Found a radiant altar of Vehumet.
   175 | D        | Found an ornate altar of the Wu Jian Council.
   176 | D        | Found a shimmering altar of Xom.
   177 | D        | Found a basalt altar of Yredelemnul.
   178 | D        | Found a glowing silver altar of Zin.
   179 | D        | Found a glowing golden altar of the Shining One.
   180 | D        | Became a worshipper of Trog the Wrathful
   243 | D        | Noticed a two-headed ogre
   243 | D        | Noticed a komodo dragon
   243 | D        | Noticed a yak
   246 | D        | Reached XP level 5. HP: 48/48 MP: 8/10
   251 | D        | Killed a yak
   252 | D        | Reached skill level 5 in Invocations
   252 | D        | Reached XP level 6. HP: 50/56 MP: 8/12
   254 | D        | Reached * piety under Trog
   265 | D        | Killed a komodo dragon
   266 | D        | Reached skill level 5 in Short Blades
   266 | D        | Reached skill level 5 in Long Blades
   266 | D        | Reached skill level 5 in Axes
   266 | D        | Reached skill level 5 in Polearms
   266 | D        | Reached skill level 5 in Staves
   266 | D        | Reached skill level 5 in Ranged Weapons
   266 | D        | Reached skill level 5 in Throwing
   266 | D        | Reached skill level 5 in Dodging
   266 | D        | Reached skill level 5 in Stealth
   266 | D        | Reached skill level 5 in Unarmed Combat
   266 | D        | Reached skill level 5 in Spellcasting
   266 | D        | Reached skill level 5 in Evocations
   266 | D        | Reached XP level 7. HP: 56/63 MP: 11/15
   268 | D        | Killed a two-headed ogre
   269 | D        | Reached skill level 5 in Conjurations
   269 | D        | Reached skill level 5 in Hexes
   269 | D        | Reached skill level 5 in Summonings
   269 | D        | Reached skill level 5 in Necromancy
   269 | D        | Reached skill level 5 in Translocations
   269 | D        | Reached skill level 5 in Transmutations
   269 | D        | Reached skill level 5 in Fire Magic
   269 | D        | Reached skill level 5 in Ice Magic
   269 | D        | Reached skill level 5 in Air Magic
   269 | D        | Reached skill level 5 in Earth Magic
   269 | D        | Reached skill level 5 in Poison Magic
   269 | D        | Reached XP level 8. HP: 42/71 MP: 11/18
   269 | D        | Reached ** piety under Trog
   474 | D        | Noticed a troll
   474 | D        | Noticed a cyclops
   474 | D        | Noticed a slime creature
   474 | D        | Noticed a white ugly thing
   474 | D        | Noticed a boulder beetle
   485 | D        | Killed a white ugly thing
   488 | D        | Killed a slime creature
   488 | D        | Hit by a large rock thrown by a cyclops

Illustrated notes

Levels and vault maps discovered:
D:        linesprint [early_d, line_temple, items_1, d_10, items_2, lair_1,
          lair_end, items_3, orc_1, orc_end, items_4, d_15, swamp_1, shoals_1,
          snake_1, spider_1, d_20, vaults_1, items_5, swamp_end, shoals_end,
          snake_end, spider_end, vaults_end, d_27, items_6, zot_1, zot_end,
          crypt_end, forest_end, elf_end, slime_end, tomb_end, abyss_end,
          pan_hell_end]

Skill      XL: |  1  2  3  4  5  6  7  8 |
---------------+-------------------------+-----
Invocations    | 2 3 5 6 7 8 |  8.0
Short Blades   | 2 3 4 5 6 7 |  7.3
Long Blades    | 2 3 4 5 6 7 |  7.3
Axes           | 2 3 4 5 6 7 |  7.3
Polearms       | 2 3 4 5 6 7 |  7.3
Staves         | 2 3 4 5 6 7 |  7.3
Ranged Weapons | 2 3 4 5 6 7 |  7.3
Throwing       | 2 3 4 5 6 7 |  7.3
Dodging        | 2 3 4 5 6 7 |  7.3
Stealth        | 2 3 4 5 6 7 |  7.3
Unarmed Combat | 2 3 4 5 6 7 |  7.3
Spellcasting   | 2 3 4 5 6 7 |  7.3
Evocations     | 2 3 4 5 6 7 |  7.3
Maces & Flails | 5 6 7 8 |  8.7
Conjurations   | 1 2 3 4 5 6 |  6.1
Hexes          | 1 2 3 4 5 6 |  6.1
Summonings     | 1 2 3 4 5 6 |  6.1
Necromancy     | 1 2 3 4 5 6 |  6.1
Translocations | 1 2 3 4 5 6 |  6.1
Transmutations | 1 2 3 4 5 6 |  6.1
Fire Magic     | 1 2 3 4 5 6 |  6.1
Ice Magic      | 1 2 3 4 5 6 |  6.1
Air Magic      | 1 2 3 4 5 6 |  6.1
Earth Magic    | 1 2 3 4 5 6 |  6.1
Poison Magic   | 1 2 3 4 5 6 |  6.1
Fighting       | 7 8 9 |  9.9
Armour         | 7 8 9 |  9.9
Shields        | 7 8 9 |  9.9

Action                     |  1- 3 |  4- 6 |  7- 9 || total
---------------------------+-------+-------+-------++-------
  Melee: Flail             |    19 |     3 |       ||    22
         Bite              |     1 |     1 |     4 ||     6
         Morningstar       |       |    19 |    13 ||    32
         Punch             |       |       |     1 ||     1
 Invoke: Berserk           |       |       |     1 ||     1
         Trog's Hand       |       |       |     1 ||     1
  Evoke: Wand              |       |       |     1 ||     1
    Use: Potion            |     1 |     3 |     2 ||     6
   Stab: Invisible         |       |       |     2 ||     2
 Armour: Scale mail        |     5 |     6 |     2 ||    13
  Dodge: Dodged            |     7 |    15 |     4 ||    26
  Block: Buckler           |     2 |     1 |       ||     3

Table legend: (Time is in decaauts)
 A = Elapsed time spent in this place.
 B = Non-inter-level travel time spent in this place.
 C = Inter-level travel time spent in this place.
 D = Time resting spent in this place.
 E = Time spent auto-exploring this place.
 F = Levels seen in this place.
 G = Mean time per level.
                   A        B        C        D        E       F      G
               +--------+--------+--------+--------+--------+-----+--------+
         Total |    498 |    498 |      0 |    320 |      0 |   1 |  498.0 |
       Dungeon |    498 |    498 |      0 |    320 |      0 |   1 |  498.0 |
               +--------+--------+--------+--------+--------+-----+--------+

Top non-repeatable levels by time:
       D: 498 daAuts
